 Dungeon Crawl Stone Soup version 0.19-a0-1682-g5114f93 (webtiles) character file.

34231 HungrySpirit the Unseen (level 13, -9/83 HPs)
             Began as an Octopode Assassin on Sept 24, 2016.
             Was the Champion of Okawaru.
             Mangled by a spiny frog (23 damage)
             ... on level 6 of the Lair of Beasts.
             The game lasted 00:36:11 (18411 turns).

HungrySpirit the Unseen (Octopode Assassin)        Turns: 18411, Time: 00:36:11

Health: -9/83      AC:  3    Str: 10    XL:     13   Next: 76%
Magic:  13/13      EV: 27    Int: 14    God:    Okawaru [******]
Gold:   803        SH:  6    Dex: 24    Spells: 0 memorised, 12 levels left

rFire  + + +     SeeInvis .     y - +7 short sword (elec)
rCold  . . .     Gourm    .     u - +0 buckler
rNeg   . . .     Faith    .     S - +1 hat
rPois  +         Spirit   .     (no amulet)
rElec  .         Dismiss  .     C - ring of poison resistance
rCorr  .         Reflect  .     B - +4 ring of intelligence
MR     .....     Harm     .     U - ring of Buopnoas {+Fly rF+++ Int-5 Dex+7 Stlth+}
Stlth  ++++++++++               V - ring of stealth
                                d - ring of wizardry
                                (no ring)
                                (no ring)
                                (no ring)

@: very slightly contaminated
A: almost no armour, stealthy swim, amphibious, 8 rings, constrict 8, camouflage
1, gelatinous body 1
a: Heroism, Finesse, Renounce Religion, Evoke Flight


You were on level 6 of the Lair of Beasts.
You worshipped Okawaru.
Okawaru was exalted by your worship.
You were not hungry.

You visited 2 branches of the dungeon, and saw 16 of its levels.

You collected 1081 gold pieces.
You spent 278 gold pieces at shops.

Inventory:

Hand Weapons
 c - a +0 rapier of piercing
 y - a +7 short sword of electrocution (weapon)
Missiles
 J - 12 silver javelins (quivered)
 K - 3 steel javelins
 M - 8 javelins of penetration
 Y - 6 javelins of returning
Armour
 u - a +0 buckler (worn)
 S - a +1 hat (worn)
Jewellery
 d - a ring of wizardry (on tentacle)
 B - a +4 ring of intelligence (right tentacle)
 C - a ring of poison resistance (left tentacle)
 R - an uncursed amulet of dismissal
 U - the ring of Buopnoas (on tentacle) {+Fly rF+++ Int-5 Dex+7 Stlth+}
   (You acquired it on level 3 of the Lair of Beasts)

   [ring of stealth]

   It affects your intelligence (-5).
   It affects your dexterity (+7).
   It renders you almost immune to fire.
   It lets you fly.
   It makes you more stealthy.
 V - a ring of stealth (on tentacle)
Wands
 v - a wand of teleportation (5/9)
 w - a wand of iceblast (6/15)
 E - a wand of disintegration (14/24)
 P - a wand of flame (10/48)
 W - a wand of paralysis (9/24)
Scrolls
 a - 6 scrolls of teleportation
 e - 9 scrolls of remove curse
 h - 2 scrolls of magic mapping
 j - 3 scrolls of enchant weapon
 m - a scroll of amnesia
 o - 6 scrolls of identify
 q - 3 scrolls of noise
 r - a scroll of immolation
 t - 2 scrolls of enchant armour
 x - 6 scrolls of fog
 A - 4 scrolls of blinking
 D - a scroll of recharging
Potions
 b - 2 potions of haste
 i - a potion of resistance
 l - a potion of lignification
 n - 7 potions of curing
 p - 3 potions of heal wounds
 F - 3 potions of flight
 G - 2 potions of brilliance
 H - 2 potions of berserk rage
 I - a potion of mutation
 N - a potion of agility
 O - 2 potions of might
 Z - a potion of ambrosia
Books
 L - the Tome of Supportive Shape Shifting
   (You found it on level 10 of the Dungeon)

   Spells                             Type                      Level
   a - Summon Small Mammal            Summoning                    1
   b - Call Imp                       Summoning                    2
   c - Spider Form                    Transmutation/Poison         3
   d - Summon Demon                   Summoning                    5
   e - Dragon's Call                  Summoning                    9
 Q - a book of Unlife

   Spells                             Type                      Level
   a - Recall                         Summoning/Translocation      3
   b - Animate Dead                   Necromancy                   4
   c - Control Undead                 Necromancy                   4
   d - Cigotuvi's Embrace             Necromancy                   5
   e - Death Channel                  Necromancy                   6
   f - Simulacrum                     Ice/Necromancy               6
Comestibles
 f - 15 bread rations
 g - 12 beef jerkies
 k - 4 slices of pizza
 s - 11 meat rations


   Skills:
 + Level 5.9 Fighting
 + Level 13.0 Short Blades
 - Level 2.0 Throwing
 * Level 13.8 Dodging
 * Level 15.5 Stealth
 - Level 4.0 Shields


You had 12 spell levels left.
You didn't know any spells.

Dungeon Overview and Level Annotations

Branches:
Dungeon (10/15)            Temple (0/1) D:7            Lair (6/6) D:10
 Shoals (0/4) Lair:4       Spider (0/4) Lair:3        Slime (0/5) Lair:6
    Orc: D:9-12

Altars:
Cheibriados
Dithmenos
Hepliaklqana
Makhleb
Nemelex Xobeh
Okawaru
Qazlal
Sif Muna
Yredelemnul
Zin

Shops:
D:5 (?(!


Innate Abilities, Weirdness & Mutations

You cannot wear most types of armour.
You are very stealthy in the water.
You are amphibious.
You can wear up to eight rings at the same time.
You can use your tentacles to constrict eight enemies at once.
Your skin changes colour to match your surroundings (Stealth+).
Your rubbery body absorbs attacks. (AC +1, EV +1)


Message History

The four-headed hydra is severely wounded.
Unknown command.
Unknown command.
You puncture the four-headed hydra!
The four-headed hydra is almost dead.
The four-headed hydra bites you. The four-headed hydra bites you!
* * * LOW HITPOINT WARNING * * *
The four-headed hydra misses you. The four-headed hydra bites you!
* * * LOW HITPOINT WARNING * * *
Blink to where?
Press: ? - help, Dir - move target cursor You are very lightly contaminated with residual magic.
As you read the scroll of blinking, it crumbles to dust.
You see here a hydra corpse.
You hit the spiny frog. Your grab misses the spiny frog.
The spiny frog is lightly wounded.
You hit the spiny frog. Your grab misses the spiny frog.
The spiny frog is moderately wounded.
The spiny frog stings you!!
You die...

#....# ##P........# ##
###..## ##......P.####
###.#.# ##..........#
#...######..†....P..## .
##...##.###.....P...##....
##......##......#.........
#..P..............#.......
#...P..#.....P...########.
##.....####..#@<...#
#....F###..#F...### .
#P.....###..#..## ##≈P
##..#..###.......###..P.
#.....## ##...####.≈....
###.P..#####........≈≈≈≈
#.......##.÷...≈≈.≈≈.≈≈≈
##P....#.##....≈≈≈≈≈≈P≈≈
##.....##P.:..P≈P≈≈P≈≈P


You could see a spiny frog.

Vanquished Creatures
  A catoblepas (Lair:6)
  5 hydras
  Erica (D:9)
  The ghost of Ruebezahl the Shield-Bearer, a novice MiFi of Yredelemnul (D:6)
  A hill giant (D:10)
  Pikel (D:9)
  Joseph (D:7)
  3 black mambas
  17 spiny frogs
  4 komodo dragons
  2 rime drakes
  A troll (D:8)
  A tyrant leech (Lair:6)
  3 jumping spiders (Lair:3)
  21 blink frogs
  3 hippogriffs
  6 dream sheep (Lair:5)
  19 yaks
  3 vampire mosquitoes (Lair:6)
  A hungry ghost (D:4)
  A basilisk (Lair:3)
  14 water moccasins
  9 porcupines
  3 ice beasts
  2 orc warriors
  A sky beast (D:5)
  2 phantoms
  A necrophage (D:8)
  7 ogres
  10 wolves
  5 centaurs
  14 crocodiles
  22 bullfrogs
  4 scorpions
  15 killer bees
  7 wights
  A howler monkey (D:8)
  4 electric eels
  2 bullfrog zombies (D:10)
  3 crimson imps
  3 orc priests
  A centaur skeleton (D:8)
  6 hounds
  15 orc wizards
  8 iguanas
  5 worker ants
  3 hound skeletons
  A worker ant zombie (D:4)
  9 adders
  53 river rats
  3 shadow imps
  2 oozes
  An adder zombie (D:8)
  4 worms
  5 dart slugs
  2 leopard geckos
  28 orcs
  A ball python (D:3)
  8 giant cockroaches
  10 goblins
  8 hobgoblins
  12 jackals
  7 kobolds
  5 quokkas
  8 bats
  7 frilled lizards
  A quokka zombie (D:5)
  9 rats
  A spectral orc (D:8)
448 creatures vanquished.

Vanquished Creatures (others)
  A slave (D:9)
  A bullfrog (D:9)
  3 orcs (D:9)
  2 bushes (Lair:6)
  18 fungi
  50 plants
75 creatures vanquished.

Grand Total: 523 creatures vanquished

Notes
Turn   | Place    | Note
-------+----------+-------------------------------------------
     0 | D:1      | HungrySpirit the Octopode Assassin began the quest for the Orb.
     0 | D:1      | Reached XP level 1. HP: 14/14 MP: 1/1
    64 | D:1      | Reached XP level 2. HP: 12/19 MP: 2/2
   487 | D:1      | Reached XP level 3. HP: 15/24 MP: 3/3
  1404 | D:2      | Reached XP level 4. HP: 28/29 MP: 4/4
  1483 | D:2      | Found a hazy altar of Hepliaklqana.
  1529 | D:2      | Reached skill level 6 in Stealth
  1751 | D:2      | Found a shadowy altar of Dithmenos.
  1752 | D:2      | Found a burning altar of Makhleb.
  1755 | D:2      | Found a sparkling altar of Nemelex Xobeh.
  1939 | D:3      | Reached XP level 5. HP: 13/34 MP: 5/5
  2973 | D:4      | Noticed a phantom
  2991 | D:4      | HP: 2/51 [phantom (4)]
  3029 | D:4      | Killed a phantom
  3029 | D:4      | Reached XP level 6. HP: 38/39 MP: 6/6
  3140 | D:4      | Noticed a hungry ghost
  3578 | D:4      | Killed a hungry ghost
  3578 | D:4      | Reached skill level 5 in Short Blades
  3578 | D:4      | Reached skill level 7 in Stealth
  3578 | D:4      | Reached XP level 7. HP: 38/45 MP: 7/7
  3954 | D:4      | Noticed a yak
  3954 | D:4      | Noticed a yak
  3954 | D:4      | Noticed a yak
  3957 | D:4      | Noticed a yak
  4057 | D:4      | Noticed a yak
  4075 | D:4      | HP: 1/45 [yak (18)]
  4664 | D:4      | Killed a yak
  4901 | D:4      | Killed a yak
  4901 | D:4      | Reached skill level 5 in Dodging
  5008 | D:4      | Reached XP level 8. HP: 44/50 MP: 8/8
  5043 | D:5      | Entered Level 5 of the Dungeon
  5044 | D:5      | Found Emug Zecw's Antique Weapon Boutique.
  5047 | D:5      | Bought a glowing short sword for 66 gold pieces
  5072 | D:5      | Reached skill level 8 in Stealth
  5095 | D:5      | Found a stormy altar of Qazlal.
  5110 | D:5      | Found Binnemab's Magic Scroll Shoppe.
  5139 | D:5      | Bought a scroll of blinking for 105 gold pieces
  5139 | D:5      | Bought a scroll of identify for 28 gold pieces
  5139 | D:5      | Bought a scroll of fog for 28 gold pieces
  5139 | D:5      | Bought a scroll of random uselessness for 14 gold pieces
  5287 | D:5      | Found Vuadui's Distillery.
  5303 | D:5      | Found Bopac's Antique Weapon Boutique.
  5308 | D:5      | Bought a glowing blowgun for 37 gold pieces
  5548 | D:5      | Found an iron altar of Okawaru.
  5551 | D:5      | Became a worshipper of Warmaster Okawaru
  5896 | D:6      | Noticed Ruebezahl's ghost (novice MiFi)
  5915 | D:6      | Killed Ruebezahl's ghost
  5915 | D:6      | Reached * piety under Okawaru
  5915 | D:6      | Reached skill level 9 in Stealth
  5915 | D:6      | Reached XP level 9. HP: 33/54 MP: 9/9
  6664 | D:7      | Noticed Joseph
  6678 | D:7      | Killed Joseph
  6678 | D:7      | Reached ** piety under Okawaru
  6887 | D:7      | Found a staircase to the Ecumenical Temple.
  7173 | D:7      | Found a snail-covered altar of Cheibriados.
  7312 | D:8      | Found a deep blue altar of Sif Muna.
  7338 | D:8      | Reached skill level 10 in Stealth
  7338 | D:8      | Reached skill level 1 in Shields
  7478 | D:8      | Reached XP level 10. HP: 61/61 MP: 10/10
  7497 | D:8      | Noticed a lindwurm
  7511 | D:8      | Noticed a lindwurm
  7513 | D:8      | Noticed a lindwurm
  7527 | D:8      | Noticed a lindwurm
  8015 | D:8      | Found a glowing silver altar of Zin.
  8150 | D:8      | Reached *** piety under Okawaru
  8435 | D:8      | Found a basalt altar of Yredelemnul.
  8771 | D:9      | Noticed Pikel
  8783 | D:9      | Killed Pikel
  8783 | D:9      | Reached **** piety under Okawaru
  8835 | D:9      | Noticed Erica
  8839 | D:9      | Killed Erica
  8839 | D:9      | Received a gift from Okawaru
  8839 | D:9      | Reached skill level 10 in Short Blades
  8839 | D:9      | Reached skill level 11 in Stealth
  9386 | D:10     | Entered Level 10 of the Dungeon
  9388 | D:10     | Found a snail-covered altar of Cheibriados.
  9391 | D:10     | Received a gift from Okawaru
  9427 | D:10     | Reached XP level 11. HP: 57/65 MP: 8/11
  9442 | D:10     | Identified the Tome of Supportive Shape Shifting
  9489 | D:10     | Reached skill level 10 in Dodging
  9979 | D:10     | Received a gift from Okawaru
 10295 | D:10     | Found a staircase to the Lair.
 10356 | D:10     | Noticed a hill giant
 10368 | D:10     | Killed a hill giant
 11111 | Lair:1   | Entered Level 1 of the Lair of Beasts
 11133 | Lair:1   | Received a gift from Okawaru
 11420 | Lair:1   | Reached ***** piety under Okawaru
 12081 | Lair:2   | Noticed an eight-headed hydra
 12087 | Lair:2   | Reached skill level 12 in Stealth
 12166 | Lair:2   | Noticed a four-headed hydra
 12173 | Lair:2   | Killed a four-headed hydra
 12539 | Lair:2   | Received a gift from Okawaru
 13077 | Lair:3   | Noticed a five-headed hydra
 13085 | Lair:3   | Killed a five-headed hydra
 13085 | Lair:3   | Reached XP level 12. HP: 72/72 MP: 12/12
 13301 | Lair:3   | Found a hole to the Spider Nest.
 13666 | Lair:3   | Identified a scroll of acquirement
 13667 | Lair:3   | Got a warped lead ring
 13668 | Lair:3   | Identified the ring of Buopnoas {+Fly rF+++ Int-5 Dex+7 Stlth+} (You acquired it on level 3 of the Lair of Beasts)
 14005 | Lair:4   | Reached skill level 13 in Stealth
 14246 | Lair:4   | Noticed a seven-headed hydra
 14252 | Lair:4   | Killed a seven-headed hydra
 14356 | Lair:4   | Found a staircase to the Shoals.
 15849 | Lair:5   | Received a gift from Okawaru
 15870 | Lair:5   | Reached skill level 14 in Stealth
 16366 | Lair:5   | Reached XP level 13. HP: 80/81 MP: 13/13
 16720 | Lair:5   | Received a gift from Okawaru
 16901 | Lair:5   | Reached skill level 5 in Fighting
 17211 | Lair:6   | Entered Level 6 of the Lair of Beasts
 17236 | Lair:6   | Found a staircase to the Slime Pits.
 17642 | Lair:6   | Reached skill level 15 in Stealth
 18220 | Lair:6   | Reached ****** piety under Okawaru
 18411 | Lair:6   | Mangled by a spiny frog

Vault maps used:
D:1:      dpeg_arrival_signposts, minmay_misc_feat_more_columns, grunt_decor_cap
D:2:      nicolae_overflow_hidden_temple, minitemple
D:3:      first_bread
D:4:      minmay_goblin_outpost
D:5:      kennysheep_mini, nicolae_qazlal_eye_of_the_storm, serial_shops,
          nicolae_shop_trees, nicolae_shop_crystal, shop, shop, kennysheep_dice
D:7:      slow_altar_2, minmay_misc_feat_alley, grunt_ogre_cave, uniq_joseph
D:8:      yredelemnul_forgotten_temple_becter, marbit_many_paths,
          lemuel_blue_sif_altar, minmay_lindwurm_lava
D:9:      uniq_erica, uniq_pikel
D:10:     lair_0_dummy, basic_altar
Lair:1:   wad_woods_03, serial_bayou_shore_a, grunt_megastairs_3,
          lemuel_fruit_tree
Lair:3:   spider_nest_entry_a, grunt_megastairs_1
Lair:4:   minmay_shoals_entry_centaurs, nicolae_quartered_pool_medium
Lair:6:   minmay_lair_end_frog_pond, slime_dummy

Skill      XL: |  1  2  3  4  5  6  7  8  9 10 11 12 13 |
---------------+----------------------------------------+-----
Short Blades   | 3 4 5 6 7 9 10 11 12 13 | 13.0
Dodging        | 2 3 4 5 7 8 9 11 12 13 | 13.8
Stealth        | 6 7 9 10 11 12 14 15 | 15.5
Shields        | 1 3 4 |  4.0
Fighting       | 4 5 |  5.9
Throwing       | |  2.0

Action                   |  1- 3 |  4- 6 |  7- 9 | 10-12 | 13-15 || total
-------------------------+-------+-------+-------+-------+-------++-------
Melee: Dagger            |    57 |   157 |    66 |       |       ||   280
       Constrict         |    10 |    34 |    31 |    83 |    43 ||   201
       Tentacles         |     7 |    27 |    40 |   104 |    60 ||   238
       Short sword       |       |       |   144 |   549 |   217 ||   910
       Punch             |       |       |       |     3 |       ||     3
 Fire: Blowgun           |       |       |    22 |       |       ||    22
Throw: Throwing net      |       |       |     1 |       |       ||     1
       Javelin           |       |       |       |     4 |       ||     4
Invok: Heroism           |       |       |       |     8 |     2 ||    10
Evoke: Wand              |       |       |       |     2 |     1 ||     3
  Use: Scroll            |       |     1 |     1 |    23 |     1 ||    26
       Potion            |       |     7 |     1 |       |       ||     8
 Stab: Sleeping          |    14 |    13 |    15 |    66 |     5 ||   113
       Held in net/web   |       |       |     1 |       |       ||     1
       Distracted        |       |       |       |       |     2 ||     2
  Eat: Chunk             |     1 |     7 |     7 |    14 |     6 ||    35
       Fruit             |       |       |    13 |    12 |       ||    25
Armor: Skin              |     3 |    15 |    11 |    10 |     4 ||    43
Dodge: Dodged            |    31 |    67 |    90 |   258 |   119 ||   565
Block: Buckler           |       |       |       |    62 |    34 ||    96
